 Dungeon Crawl Stone Soup version 0.29-a0-356-g7bc237e783 (webtiles) character file.

Game seed: 17941137559951688567

1172 siradein the Fighter (level 8, -1/102 HPs)
             Began as an Ogre Berserker on Apr 27, 2022.
             Was a Believer of Trog.
             Slain by a scorpion (3 damage)
             ... on level 5 of the Dungeon.
             The game lasted 00:08:50 (5264 turns).

siradein the Fighter (Ogre Berserker)               Turns: 5264, Time: 00:08:50

Health: -1/102     AC:  3    Str: 24    XL:     8   Next: 41%
Magic:  8/8        EV: 10    Int:  8    God:    Trog [**....]
Gold:   135        SH:  0    Dex:  8    Spells: 7/7 levels left

rFire   + . .      SeeInvis .   a - +0 spear
rCold   . . .      Faith    .   (no shield)
rNeg    . . .      Spirit   .   b - +0 animal skin
rPois   .          Reflect  .   (helmet restricted)
rElec   .          Harm     .   (no cloak)
rCorr   .          Rampage  .   (gloves unavailable)
Will    ++...                   (boots unavailable)
Stlth   +.........              (no amulet)
HPRegen 1.27/turn               f - ring of protection from fire
MPRegen 0.11/turn               (no ring)

@: lethally poisoned (-1 -> -3), strong-willed, regenerating
A: large, unfitting armour, tough skin 1
a: Renounce Religion, Berserk, Trog's Hand


You were on level 5 of the Dungeon.
You worshipped Trog.
Trog was pleased with you.
You visited 1 branch of the dungeon, and saw 5 of its levels.

You collected 155 gold pieces.
You spent 20 gold pieces at shops.

Inventory:

Hand Weapons
 a - a +0 spear (weapon)
 e - a +2 vorpal hunting sling
Armour
 b - a +0 animal skin (worn)
Jewellery
 f - a ring of protection from fire (left hand)
Wands
 l - a wand of digging (12)
 n - a wand of mindburst (4)
Scrolls
 c - a scroll of amnesia {unknown}
 i - a scroll of immolation {unknown}
 j - a scroll of teleportation {unknown}
 k - a scroll of blinking {unknown}
 m - 2 scrolls of noise {unknown}
 o - 2 scrolls of fog {unknown}
 q - a scroll of holy word {unknown}
 r - a scroll of identify
Potions
 d - 3 potions of invisibility
 g - 3 potions of heal wounds
 h - 5 potions of curing
 p - a potion of mutation {unknown}


   Skills:
 + Level 13.1 Fighting
 - Level 3.0 Polearms
 - Level 2.6 Dodging


You had 7 spell levels left.
You didn't know any spells.
Your spell library was empty.

Dungeon Overview and Level Annotations

Branches:
Dungeon (5/15)
 Temple: D:4-7

Altars:
Dithmenos

Shops:
D:3 ?


Innate Abilities, Weirdness & Mutations

You are too large for most types of armour.
You have tough skin. (AC +1)


Message History

You barely miss the scorpion.
The scorpion is heavily wounded.
You feel sick. The scorpion stings you.
You hit the scorpion.
The scorpion is heavily wounded.
You feel sick. The scorpion stings you.
You are more poisoned.
The scorpion poisons you!
You barely miss the scorpion.
The scorpion is heavily wounded.
You feel very sick. The scorpion stings you.
* * * LOW HITPOINT WARNING * * *
You hit the scorpion.
The scorpion is heavily wounded.
You feel sick. The scorpion stings you.
* * * LOW HITPOINT WARNING * * *
You are more poisoned.
The scorpion poisons you!
You barely miss the scorpion.
The scorpion is heavily wounded.
You feel very sick. The scorpion barely misses you.
You barely miss the scorpion.
The scorpion is heavily wounded.
You feel very sick. The scorpion stings you!
* * * LOW HITPOINT WARNING * * *
The scorpion stings you but does no damage.
You hit the scorpion but do no damage.
The scorpion is heavily wounded.
* * * LOW HITPOINT WARNING * * *
You feel very sick.
The scorpion stings you but does no damage.
You hit the scorpion.
The scorpion is severely wounded.
* * * LOW HITPOINT WARNING * * *
You feel very sick. The scorpion stings you.
You die...

....... ..... ....# ....
.. #..###.....
#..#......# # #s........#
.####@##...... .
..#.........##..
#.#..##......... ###.#..#
#........
###.#....###....$... ..
###....<.....#.รท......
..##.#............###....
##....##............# ...
.........).........## .


You could see a scorpion.

Vanquished Creatures
  Pikel (D:4)
  Sigmund (D:3)
  A black bear (D:5)
  2 scorpions (D:4)
  An orc priest (D:4)
  A jelly (D:4)
  A hound (D:5)
  Jessica (D:2)
  Ijyb (D:3)
  An orc wizard (D:3)
  Robin (D:2)
  A gnoll (D:3)
  4 adders
  2 ufetubi
  3 dart slugs
  11 orcs
  5 ball pythons
  3 endoplasms
  18 goblins
  4 hobgoblins
  4 jackals (D:1)
  4 quokkas
  8 bats
  3 frilled lizards
  7 kobolds
  3 rats
92 creatures vanquished.

Vanquished Creatures (others)
  A withered plant (D:1)
1 creature vanquished.

Grand Total: 93 creatures vanquished

Notes
Turn   | Place    | Note
-------+----------+-------------------------------------------
     0 | D:1      | siradein the Ogre Berserker began the quest for the Orb.
     0 | D:1      | Reached XP level 1. HP: 24/24 MP: 1/1
   235 | D:1      | Reached XP level 2. HP: 33/33 MP: 2/2
   353 | D:1      | Reached skill level 5 in Fighting
   733 | D:1      | Found a faded altar of an unknown god.
   801 | D:1      | Reached XP level 3. HP: 28/42 MP: 3/3
  1365 | D:2      | Reached skill level 6 in Fighting
  1570 | D:2      | Reached ** piety under Trog
  1609 | D:2      | Noticed Jessica
  1642 | D:2      | Killed Jessica
  1643 | D:2      | Reached XP level 4. HP: 24/53 MP: 4/4
  2032 | D:2      | Noticed Robin
  2100 | D:2      | Killed Robin
  2101 | D:2      | Reached skill level 7 in Fighting
  2614 | D:3      | Noticed Sigmund
  2616 | D:3      | Noticed Ijyb
  2626 | D:3      | Killed Sigmund
  2627 | D:3      | Reached skill level 8 in Fighting
  2627 | D:3      | Reached XP level 5. HP: 66/66 MP: 5/5
  2627 | D:3      | Reached XP level 6. HP: 74/74 MP: 6/6
  2636 | D:3      | Killed Ijyb
  2637 | D:3      | Reached skill level 9 in Fighting
  2841 | D:3      | Found a shadowy altar of Dithmenos.
  2983 | D:3      | Found Tynn's Magic Scroll Emporium.
  2994 | D:3      | Bought a scroll of identify for 20 gold pieces
  3785 | D:4      | Noticed Pikel
  3798 | D:4      | Killed Pikel
  3799 | D:4      | Reached skill level 12 in Fighting
  3799 | D:4      | Reached XP level 7. HP: 91/91 MP: 7/7
  3799 | D:4      | Reached XP level 8. HP: 98/98 MP: 8/8
  4907 | D:5      | Entered Level 5 of the Dungeon
  4956 | D:5      | Reached skill level 13 in Fighting
  4958 | D:5      | Reached *** piety under Trog
  5263 | D:5      | HP: 4/102 [poisoned by a scorpion]
  5264 | D:5      | Slain by a scorpion

Illustrated notes

Levels and vault maps discovered:
D:1:      erik_arrival_orb_chamber, layout_basic, shapermc_ecumenical_altar_gd
D:2:      layout_loops_cross, uniq_jessica, uniq_robin
D:3:      layout_rooms, mainiacjoe_overflow_24_doors, serial_shops,
          shop_fountains, minmay_pentangle, uniq_sigmund, uniq_ijyb
D:4:      layout_basic, uniq_pikel
D:5:      layout_cave_pools

Skill      XL: |  1  2  3  4  5  6  7  8 |
---------------+-------------------------+-----
Fighting       | 5 6 8 12 13 | 13.1
Polearms       | |  3.0
Dodging        | |  2.6

Action                   |  1- 3 |  4- 6 |  7- 9 || total
-------------------------+-------+-------+-------++-------
Melee: Spear             |   139 |   150 |   146 ||   435
       Punch             |     1 |       |     3 ||     4
 Fire: Hunting sling     |     2 |       |       ||     2
Invok: Berserk           |       |     4 |     1 ||     5
       Trog's Hand       |       |       |     1 ||     1
  Use: Scroll            |       |     3 |       ||     3
 Stab: Sleeping          |     3 |     1 |       ||     4
Armor: Animal skin       |    48 |    25 |    26 ||    99
Dodge: Dodged            |    64 |    53 |    68 ||   185

Table legend: (Time is in decaauts)
 A = Elapsed time spent in this place.
 B = Non-inter-level travel time spent in this place.
 C = Inter-level travel time spent in this place.
 D = Time resting spent in this place.
 E = Time spent auto-exploring this place.
 F = Levels seen in this place.
 G = Mean time per level.
                   A        B        C        D        E       F      G
               +--------+--------+--------+--------+--------+-----+--------+
         Total |   5275 |   5211 |     64 |     32 |   4378 |   5 | 1055.0 |
       Dungeon |   5275 |   5211 |     64 |     32 |   4378 |   5 | 1055.0 |
               +--------+--------+--------+--------+--------+-----+--------+

Top non-repeatable levels by time:
     D:2: 1455 daAuts
     D:4: 1453 daAuts
     D:1: 1116 daAuts
     D:3: 885 daAuts
     D:5: 364 daAuts
